 Dungeon Crawl Stone Soup version 0.28.0-43-g3370ac3207 (webtiles) character file.

Game seed: 813476776450876761

324 KamiKatze the Conjurer (level 6, -1/32 HPs)
             Began as a Deep Elf Conjurer on Mar 25, 2022.
             Was an Initiate of Vehumet.
             Slain by an ogre
             ... wielding a +0 giant club
              (9 damage)
             ... on level 4 of the Dungeon.
             The game lasted 00:13:01 (2742 turns).

KamiKatze the Conjurer (Deep Elf Conjurer)          Turns: 2742, Time: 00:13:02

Health: -1/32      AC:  3    Str:  4    XL:     6   Next: 23%
Magic:  13/25      EV: 12    Int: 25    God:    Vehumet [......]
Gold:   98         SH:  0    Dex: 13    Spells: 4/15 levels left

rFire   + + .      SeeInvis .   o - +9 dagger "Izoxugemeo" {flame, rF++ rC+ rCorr MP+9}
rCold   + . .      Faith    .   (no shield)
rNeg    . . .      Spirit   .   a - +0 robe
rPois   .          Reflect  .   f - +1 hat
rElec   .          Harm     .   (no cloak)
rCorr   +          Rampage  .   (no gloves)
Will    .....                   (no boots)
Stlth   ++........              (no amulet)
HPRegen 0.10/turn               (no ring)
MPRegen 0.19/turn               (no ring)

@: no status effects
A: no striking features
a: Renounce Religion


You were on level 4 of the Dungeon.
You worshipped Vehumet.
Vehumet was noncommittal.
You visited 1 branch of the dungeon, and saw 4 of its levels.

You collected 98 gold pieces.

Inventory:

Hand Weapons
 l - a +1 dagger of venom
 o - the +9 dagger "Izoxugemeo" (weapon) {flame, rF++ rC+ rCorr MP+9}
   (You found it on level 3 of the Dungeon)

   It burns those it strikes, dealing additional fire damage.
   rF:        It greatly protects you from fire.
   rC:        It protects you from cold.
   MP:        It affects your magic capacity (+9).
   rCorr:     It protects you from acid and corrosion.
Missiles
 c - 10 poisoned darts (quivered)
 e - 122 stones
 r - a curare-tipped dart
Armour
 a - a +0 robe (worn)
 f - a +1 hat (worn)
 n - a +0 helmet
Scrolls
 b - 3 scrolls of identify {unknown}
 g - a scroll of silence {unknown}
 h - a scroll of teleportation {unknown}
 i - 2 scrolls of noise {unknown}
 j - a scroll of enchant weapon {unknown}
 q - 3 scrolls of fog {unknown}
Potions
 d - 2 potions of heal wounds {unknown}
 k - 5 potions of curing {unknown}
 m - a potion of invisibility {unknown}
 p - a potion of magic {unknown}


   Skills:
 - Level 3.0 Dodging
 - Level 3.0 Stealth
 * Level 5.4 Spellcasting
 * Level 5.9 Conjurations
 * Level 2.8 Hexes
 * Level 2.3 Translocations


You had 4 spell levels left.
You knew the following spells:

 Your Spells              Type           Power      Damage    Failure   Level
a - Magic Dart            Conj           100%       1d8       1%          1
b - Searing Ray           Conj           72%        2d7       1%          2
c - Fulminant Prism       Conj/Hex       14%        3d9       13%         4
d - Iskenderun's Mystic   Conj/Tloc      27%        2d7       14%         4

Your spell library contained the following spells:

 Spells                   Type           Power      Damage    Failure   Level
 Static Discharge         Conj/Air       21%        N/A       3%          2
 Dazzling Flash           Conj/Hex       56%        N/A       3%          3
 Blink                    Tloc           36%        N/A       4%          2
 Ensorcelled Hibernation  Hex/Ice        26%        N/A       7%          2
 Lesser Beckoning         Tloc           18%        N/A       9%          3
 Passwall                 Tmut/Erth      5%         N/A       12%         2
 Frozen Ramparts          Ice            12%        1d3       24%         3
 Swiftness                Air            6%         N/A       24%         3
 Sticky Flame             Conj/Fire      21%        2d4       24%         4
 Dispel Undead            Necr           6%         3d8       61%         4
 Ice Form                 Ice/Tmut       6%         N/A       61%         4
 Summon Ice Beast         Ice/Summ       6%         N/A       61%         4
 Manifold Assault         Tloc           18%        N/A       63%         5


Dungeon Overview and Level Annotations

Branches:
Dungeon (4/15)
 Temple: D:4-7

Altars:
Hepliaklqana
Vehumet

Shops:
D:1 !   D:4 =


Message History

The magic dart hits the ogre.
The ogre is lightly wounded.
Casting: Magic Dart (safe; 1% risk of failure)
Confirm with . or Enter, or press ? or * to list all spells.
You can't see any susceptible monsters within range! (Use Z to cast anyway.)
Casting: Magic Dart (safe; 1% risk of failure)
Confirm with . or Enter, or press ? or * to list all spells.
Aiming: Magic Dart (safe; 1% risk of failure)
Press: ? - help, Shift-Dir - straight line, f/p - ogre
Aim: an ogre, wielding a +0 giant club (lightly wounded, 100% to hit)
The magic dart hits the ogre.
The ogre is lightly wounded.
Casting: Magic Dart (safe; 1% risk of failure)
Confirm with . or Enter, or press ? or * to list all spells.
Aiming: Searing Ray (safe; 1% risk of failure)
Press: ? - help, Shift-Dir - straight line, f/p - ogre
Aim: an ogre, wielding a +0 giant club (lightly wounded, 91% to hit)
The searing ray hits the ogre.
The ogre is moderately wounded. (Press . to maintain the ray.)
The searing ray misses the ogre.
The searing ray hits the ogre.
The ogre is heavily wounded.
The searing ray hits the ogre!
The ogre is severely wounded.
You finish channelling your searing ray.
The ogre hits you with a +0 giant club!!
Ouch! That really hurt!
* * * LOW HITPOINT WARNING * * *
Unknown command.
Casting: Searing Ray (safe; 1% risk of failure)
Confirm with . or Enter, or press ? or * to list all spells.
Aiming: Searing Ray (safe; 1% risk of failure)
Press: ? - help, Shift-Dir - straight line, f/p - ogre
Aim: an ogre, wielding a +0 giant club (severely wounded, 91% to hit)
The searing ray hits the ogre.
The ogre is almost dead. (Press . to maintain the ray.)
The ogre hits you with a +0 giant club!
You die...

.[.#.###########
####..##.....
.....# #.......).
...### #...#.....
.<.# ###.......
...# #....... ...#
####.<.... ....
#####.........
.....
######..†..###.....
.....# #O@....#####
###### .....#
#......######
.....# ...######


You could see an ogre.

Vanquished Creatures
  A kobold brigand (D:4)
  2 scorpions (D:4)
  A jelly (D:3)
  Robin (D:3)
  3 adders
  An adder zombie (D:4)
  2 worms
  A dart slug (D:1)
  5 ball pythons
  6 bats
  3 endoplasms
  2 giant cockroaches
  15 goblins
  3 hobgoblins
  3 jackals (D:1)
  3 quokkas
  6 frilled lizards
  8 kobolds
  6 rats
72 creatures vanquished.

Notes
Turn   | Place    | Note
-------+----------+-------------------------------------------
     0 | D:1      | KamiKatze the Deep Elf Conjurer began the quest for the
                  | Orb.
     0 | D:1      | Reached XP level 1. HP: 10/10 MP: 6/6
   237 | D:1      | Reached XP level 2. HP: 15/15 MP: 5/8
   240 | D:1      | Learned a level 2 spell: Searing Ray
   484 | D:1      | Found Gezuffen's Distillery.
  1121 | D:2      | Reached XP level 3. HP: 19/19 MP: 3/10
  1480 | D:3      | Reached skill level 5 in Conjurations
  1480 | D:3      | Reached XP level 4. HP: 24/24 MP: 6/12
  1485 | D:3      | Learned a level 4 spell: Fulminant Prism
  1490 | D:3      | Learned a level 4 spell: Iskenderun's Mystic Blast
  1696 | D:3      | Found a radiant altar of Vehumet.
  1710 | D:3      | Found a hazy altar of Hepliaklqana.
  1842 | D:3      | Became a worshipper of Vehumet
  1852 | D:3      | Noticed Robin
  2064 | D:3      | Reached skill level 1 in Hexes
  2064 | D:3      | Killed Robin
  2065 | D:3      | Reached skill level 1 in Translocations
  2199 | D:3      | Identified the +9 dagger "Izoxugemeo" {flame, rF++ rC+
                  | rCorr MP+9}
  2434 | D:4      | Noticed a scorpion
  2483 | D:4      | Found Usoir's Jewellery Boutique.
  2551 | D:4      | Reached XP level 5. HP: 28/28 MP: 14/14
  2589 | D:4      | Reached skill level 5 in Spellcasting
  2604 | D:4      | Reached XP level 6. HP: 23/32 MP: 14/15
  2742 | D:4      | Slain by an ogre

Illustrated notes

Levels and vault maps discovered:
D:1:      eino_arrival_cavern_c, layout_loops_ring, serial_shops,
          nicolae_shop_behind_doors, item_on_display_a
D:2:      layout_loops_ring, st_stairs_1, minivault_14, minmay_tripent
D:3:      layout_basic, mainiacjoe_overflow_catwalk_spiral, uniq_robin
D:4:      layout_rooms, general_overflow_altar, nicolae_overflow_squiral,
          serial_shops, nicolae_shop_hallway_plus

Skill      XL: |  1  2  3  4  5 |
---------------+----------------+-----
Dodging        | 3 |  3.0
Stealth        | 3 |  3.0
Spellcasting   | 4 5 |  5.4
Conjurations   | 5 |  5.9
Hexes          | 1 2 |  2.8
Translocations | 1 2 |  2.3

Action                   |  1- 3 |  4- 6 || total
-------------------------+-------+-------++-------
Melee: Dagger            |     3 |       ||     3
 Cast: Magic Dart        |    58 |    51 ||   109
       Searing Ray       |     3 |    10 ||    13
       Iskenderun's Myst |       |     1 ||     1
Armor: Robe              |       |     2 ||     2
Dodge: Dodged            |     6 |     3 ||     9
